 Dungeon Sprint DCSS version 0.19-b1-5-gdc9fa9d (webtiles) character file.

4312 LORDOFBUTT the Ninja (level 10, 0/46 HPs)
             Began as a Spriggan Assassin on Oct 31, 2016.
             Was a Priest of Dithmenos.
             Succumbed to Sonja's curare-tipped needle
             ... in the Dungeon (Sprint I: "Red Sonja").
             The game lasted 00:03:28 (823 turns).

LORDOFBUTT the Ninja (Spriggan Assassin)             Turns: 823, Time: 00:03:29

Health: 0/46       AC:  5    Str:  7    XL:     10   Next: 11%
Magic:  17/17      EV: 17    Int: 12    God:    Dithmenos [***...]
Gold:   560        SH:  0    Dex: 22    Spells: 0 memorised, 17 levels left

rFire  . . .     SeeInvis +     b - +0 blowgun
rCold  . . .     Gourm    .     n - +2 robe {Archmagi}
rNeg   . . .     Faith    .     (shield restricted)
rPois  .         Spirit   .     (helmet restricted)
rElec  .         Reflect  .     d - +0 cloak
rCorr  .         Harm     .     (gloves unavailable)
MR     +....     NoTele   +     (boots unavailable)
Stlth  ++++++++++               (no amulet)
                                (no ring)
                                (no ring)

@: lethally poisoned (0 -> -34), slowed, wreathed by umbra, quick
A: unfitting armour, see invisible, herbivore 3, speed 3, slow metabolism 2
a: Shadow Step, Renounce Religion


You were in the Dungeon.
You worshipped Dithmenos.
Dithmenos was most pleased with you.
You were not hungry.

You visited 1 branch You collected 687 gold pieces.
You spent 127 gold pieces at shops.

Inventory:

Hand Weapons
 a - a +2 dagger
 b - a +0 blowgun (weapon)
Armour
 d - a +0 cloak (worn)
 n - a +2 robe of the Archmagi (worn)
Wands
 q - a wand of random effects (16/48)
Scrolls
 m - a scroll of blinking
 o - a scroll of identify {unknown}
 r - a scroll of remove curse {unknown}
Potions
 c - a potion of mutation {unknown}
 i - a potion of heal wounds
 j - a potion of haste
 k - 2 potions of magic
 l - a potion of berserk rage
 p - a potion of brilliance {unknown}
Comestibles
 g - a bread ration


   Skills:
 - Level 1.5 Fighting
 * Level 7.2 Short Blades
 - Level 2.0 Throwing
 - Level 2.6 Armour
 - Level 1.5 Dodging
 O Level 27 Stealth
 - Level 2.9 Unarmed Combat
 - Level 4.3 Spellcasting
 * Level 7.3 Invocations


You had 17 spell levels left.
You didn't know any spells.

Dungeon Overview and Level Annotations

Branches:
Dungeon (1/1)

Altars:
Cheibriados
Dithmenos
Elyvilon
Fedhas
Gozag
Hepliaklqana
Kikubaaqudgha
Makhleb
Nemelex Xobeh
Okawaru
Qazlal
Ru
Sif Muna
Trog
Uskayaw
Vehumet
Xom
Yredelemnul
Zin
The Shining One
Jiyva
Lugonu

Shops:
D *

Annotations:
D Sonja


Innate Abilities, Weirdness & Mutations

You are very small and have problems with some larger weapons.
You are too small for most types of armour.
You have supernaturally acute eyesight. (SInv)
You are a herbivore.
You cover ground extremely quickly.
You need consume almost no food.


Message History

Sonja blinks!
Sonja shoots a curare-tipped needle.
The curare-tipped needle closely misses you.
Firing (i - inventory):
e - a poisoned needle (quivered)
Press: ? - help, Shift-Dir - straight line, f - Sonja
Aim: Sonja, wielding an enchanted blowgun (umbra)
You shoot a poisoned needle. The poisoned needle misses Sonja.
You feel very sick.
Sonja shoots a curare-tipped needle.
The curare-tipped needle hits you.
You are more poisoned.
You have difficulty breathing.
* * * LOW HITPOINT WARNING * * *
You feel as though you will be slow longer.
* * * LOW HITPOINT WARNING * * *
You feel very sick.
* * * LOW HITPOINT WARNING * * *
You feel very sick.
Sonja shoots a curare-tipped needle.
The curare-tipped needle barely misses you.
There is an open door here.
You die...

#.)#####'#####'#__####)..'..#
#..####..#...#.####(.#####..+
#..#__####..##[#§§§§§#.§##+##
#..#_____##'#..'§≈§§.§§§#
#⌠⌠#_.∩..['..._#§§§§§#§§#
####_..__##_.#'##'#####+###
#_____###+#(#((§.# #.s§#
#########.####K### ###§#
+$.@'.(...+ #.# #(($#######
#$# ##.## #§# #+# +§# #§# #§#
+§#


You could see Sonja.

Vanquished Creatures
  2 centaur warriors (D)
  A deep troll (D)
  An oklob plant (D)
  2 kobold demonologists (D)
  2 demonic crawlers (D)
  A hornet (D)
  A slime creature (D)
  A redback (D)
  Sigmund (D)
  A yak (D)
  A floating eye (D)
  An ogre (D)
  A jelly (D)
  Ijyb (D)
17 creatures vanquished.

Notes
Turn   | Place    | Note
-------+----------+-------------------------------------------
     0 | D        | LORDOFBUTT the Spriggan Assassin began the quest for the Orb.
     0 | D        | Reached XP level 1. HP: 10/10 MP: 2/2
     2 | D        | Noticed Ijyb
     5 | D        | Killed Ijyb
     5 | D        | Reached skill level 10 in Stealth
     5 | D        | Reached XP level 2. HP: 14/14 MP: 3/3
     7 | D        | Noticed an ogre
    29 | D        | Killed an ogre
    29 | D        | Reached skill level 14 in Stealth
    29 | D        | Reached XP level 3. HP: 18/18 MP: 4/4
    29 | D        | Reached XP level 4. HP: 22/22 MP: 5/5
    47 | D        | Noticed Sigmund
    50 | D        | Killed Sigmund
    50 | D        | Reached skill level 18 in Stealth
    50 | D        | Reached XP level 5. HP: 25/25 MP: 6/6
    63 | D        | Found a deep blue altar of Sif Muna.
    65 | D        | Found a radiant altar of Vehumet.
    69 | D        | Reached XP level 6. HP: 30/30 MP: 7/7
    72 | D        | Found Meohetil's Assorted Antiques.
    72 | D        | Found an ancient bone altar of Kikubaaqudgha.
    72 | D        | Found a hazy altar of Hepliaklqana.
    72 | D        | Found a stormy altar of Qazlal.
    72 | D        | Found a hide-covered altar of Uskayaw.
    72 | D        | Found a blossoming altar of Fedhas.
    72 | D        | Found a bloodstained altar of Trog.
    72 | D        | Found an iron altar of Okawaru.
    72 | D        | Found a basalt altar of Yredelemnul.
    72 | D        | Found a glowing golden altar of the Shining One.
    72 | D        | Found a snail-covered altar of Cheibriados.
    72 | D        | Found a sacrificial altar of Ru.
    72 | D        | Found a glowing silver altar of Zin.
    72 | D        | Found a shadowy altar of Dithmenos.
    72 | D        | Found a white marble altar of Elyvilon.
    72 | D        | Noticed a yak
    73 | D        | Found an opulent altar of Gozag.
    74 | D        | Killed a yak
    74 | D        | Reached skill level 20 in Stealth
    75 | D        | Found a sparkling altar of Nemelex Xobeh.
    83 | D        | Became a worshipper of Dithmenos the Shadowed
   106 | D        | Bought an embroidered robe for 127 gold pieces
   170 | D        | Noticed Sonja
   180 | D        | Found a burning altar of Makhleb.
   180 | D        | Found a viscous altar of Jiyva.
   180 | D        | Found a shimmering altar of Xom.
   180 | D        | Found a corrupted altar of Lugonu.
   180 | D        | Noticed a slime creature
   183 | D        | Killed a slime creature
   183 | D        | Reached skill level 21 in Stealth
   183 | D        | Reached XP level 7. HP: 33/33 MP: 8/8
   196 | D        | Noticed a kobold demonologist
   197 | D        | Noticed a kobold demonologist
   199 | D        | Killed a kobold demonologist
   199 | D        | Reached skill level 23 in Stealth
   200 | D        | Reached * piety under Dithmenos
   202 | D        | Killed a kobold demonologist
   202 | D        | Reached skill level 24 in Stealth
   202 | D        | Reached XP level 8. HP: 37/37 MP: 9/9
   205 | D        | Noticed a demonic crawler
   205 | D        | Noticed a demonic crawler
   205 | D        | Noticed a demonic crawler
   205 | D        | Noticed a demonic crawler
   207 | D        | Killed a demonic crawler
   207 | D        | Reached skill level 25 in Stealth
   208 | D        | Killed a demonic crawler
   208 | D        | Reached ** piety under Dithmenos
   208 | D        | Reached skill level 26 in Stealth
   325 | D        | Noticed a centaur warrior
   326 | D        | Noticed a centaur warrior
   329 | D        | Killed a centaur warrior
   329 | D        | Reached skill level 27 in Stealth
   329 | D        | Reached XP level 9. HP: 41/41 MP: 10/10
   330 | D        | Killed a centaur warrior
   355 | D        | Reached *** piety under Dithmenos
   473 | D        | Noticed an oklob plant
   475 | D        | Killed an oklob plant
   475 | D        | Reached skill level 5 in Short Blades
   475 | D        | Reached skill level 5 in Invocations
   783 | D        | Noticed a deep troll
   785 | D        | Killed a deep troll
   785 | D        | Reached XP level 10. HP: 46/46 MP: 17/17
   822 | D        | HP: 2/46 [poisoned by Sonja (curare-tipped needle)]
   823 | D        | Succumbed to Sonja's curare-tipped needle

Skill      XL: |  1  2  3  4  5  6  7  8  9 |
---------------+----------------------------+-----
Stealth        | 10 14 18 21 24 27 | 27.0
Armour         | 2 |  2.6
Unarmed Combat | 2 |  2.9
Spellcasting   | 4 |  4.3
Invocations    | 7 |  7.3
Short Blades   | 7 |  7.2
Fighting       | |  1.5
Throwing       | |  2.0
Dodging        | |  1.5

Action                   |  1- 3 |  4- 6 |  7- 9 | 10-12 || total
-------------------------+-------+-------+-------+-------++-------
Melee: Dagger            |     8 |     4 |    15 |       ||    27
 Fire: Blowgun           |     5 |       |     2 |    10 ||    17
  Use: Potion            |       |       |       |     1 ||     1
 Stab: Sleeping          |     1 |     4 |    10 |       ||    15
Armor: Robe              |     1 |       |       |     7 ||     8
Dodge: Dodged            |     6 |       |    12 |    16 ||    34
